 Dungeon Crawl Stone Soup version 0.28-a0-1002-gf00fe891ef (webtiles) character file.

Game seed: 1481243947258055867

18802 miscthings the Covert (level 12, 0/81 HPs)
             Began as a Kobold Enchanter on Dec 7, 2021.
             Was an Elder of Ashenzari.
             Slain by a death yak (24 damage)
             ... on level 1 of the Lair of Beasts.
             The game lasted 00:29:33 (11557 turns).

miscthings the Covert (Kobold Enchanter)           Turns: 11557, Time: 00:29:33

Health: 0/81       AC:  9    Str:  6    XL:     12   Next: 99%
Magic:  26/28      EV: 21    Int: 21    God:    Ashenzari [****..]
Gold:   578        SH:  0    Dex: 18    Spells: 24/35 levels left

rFire   . . .      SeeInvis +   I - +11 dagger "Activism of Ashenzari" {vorpal, Int+3, Elem, Self} (curse)
rCold   + . .      Faith    .   (shield restricted)
rNeg    + . .      Spirit   .   L - +2 robe {rC+}
rPois   .          Reflect  .   (no helmet)
rElec   .          Harm     .   G - +0 cloak "Oracle of Ashenzari" {Range, Melee} (curse)
rCorr   .          Rampage  .   g - +0 pair of gloves of Ashenzari's Urgency {Melee, Range} (curse)
Will    +....      Clarity  +   K - +2 pair of boots
Stlth   ++++++....              q - amulet "Gnostic Pantheism" {RegenMP, Alch, Comp} (curse)
HPRegen 0.23/turn               r - ring "Discomfort of Ashenzari" {rN+, Bglg, Evo} (curse)
MPRegen 0.61/turn               s - ring of Cremastomancy {Will+, Comp, Self} (curse)

@: no status effects
A: small, no large weapons, nightstalker 3
a: Renounce Religion, Shatter the Chains


You were on level 1 of the Lair of Beasts.
You worshipped Ashenzari.
Ashenzari was greatly pleased with you.
You visited 3 branches of the dungeon, and saw 12 of its levels.
You also visited: Volcano.

You collected 707 gold pieces.
You spent 129 gold pieces at shops.

Inventory:

Hand Weapons
 I - the cursed +11 dagger "Activism of Ashenzari" (weapon) {vorpal, Int+3, Elem, Self}
   (You found it on level 9 of the Dungeon)

   It inflicts extra damage upon your enemies.
   Int:       It affects your intelligence (+3).
   It has a curse which improves the following skills: Elements: Fire Magic, Ice
   Magic, Air Magic and Earth Magic.
   Introspection: Fighting and Spellcasting.
Missiles
 z - a curare-tipped dart (quivered)
Armour
 g - the cursed +0 pair of gloves of Ashenzari's Urgency (worn) {Melee, Range}
   (You found it on level 1 of the Dungeon)

   It has a curse which improves the following skills: Melee Combat: Short
   Blades, Long Blades, Axes, Maces & Flails, Polearms, Staves and Unarmed
   Combat.
   Ranged Combat: Slings, Bows, Crossbows and Throwing.
 w - a +1 ring mail of poison resistance
 G - the cursed +0 cloak "Oracle of Ashenzari" (worn) {Range, Melee}
   (You bought it in a shop on level 9 of the Dungeon)

   It has a curse which improves the following skills: Ranged Combat: Slings,
   Bows, Crossbows and Throwing.
   Melee Combat: Short Blades, Long Blades, Axes, Maces & Flails, Polearms,
   Staves and Unarmed Combat.
 K - a +2 pair of boots (worn)
 L - a +2 robe of cold resistance (worn)
Jewellery
 j - a ring of positive energy
 q - the cursed amulet "Gnostic Pantheism" (around neck) {RegenMP, Alch, Comp}
   (You found it on level 4 of the Dungeon)

   [amulet of magic regeneration]

   It increases your rate of magic regeneration.
   It has a curse which improves the following skills: Alchemy: Poison Magic and
   Transmutations.
   Companions: Summonings and Necromancy.
 r - the cursed ring "Discomfort of Ashenzari" (left hand) {rN+, Bglg, Evo}
   (You found it on level 4 of the Dungeon)

   [ring of positive energy]

   rN:        It protects you from negative energy.
   It has a curse which improves the following skills: Beguiling: Conjurations,
   Hexes and Translocations.
   Evocations: Evocations.
 s - the cursed ring of Cremastomancy (right hand) {Will+, Comp, Self}
   (You found it on level 5 of the Dungeon)

   [ring of willpower]

   Will:      It increases your willpower.
   It has a curse which improves the following skills: Companions: Summonings
   and Necromancy.
   Introspection: Fighting and Spellcasting.
 F - a ring of ice
Wands
 b - a wand of charming (4)
 v - a wand of acid (6)
 A - a wand of iceblast (10)
 C - a wand of paralysis (13)
 J - a wand of mindburst (5)
Scrolls
 a - a scroll of summoning
 d - 2 scrolls of immolation
 e - 4 scrolls of fear
 h - a scroll of fog
 l - 4 scrolls of teleportation
 m - 3 scrolls of blinking
 n - 2 scrolls of enchant weapon
 u - a scroll of enchant armour
 x - 2 scrolls of silence
 y - 2 scrolls of magic mapping
Potions
 c - a potion of invisibility
 f - 4 potions of brilliance
 i - 3 potions of lignification
 k - 2 potions of attraction
 o - 2 potions of flight
 p - a potion of heal wounds
 t - 3 potions of curing
 B - a potion of might
 E - 4 potions of haste
 H - 2 potions of ambrosia
Miscellaneous
 D - a phial of floods


   Skills:
 + Level 8.2(11.8) Fighting
 - Level 8.7(12.3) Short Blades
 - Level 3.3(6.3) Throwing
 - Level 4.0 Armour
 + Level 9.5 Dodging
 + Level 11.4 Stealth
 + Level 8.7(12.3) Spellcasting
 + Level 7.5(9.9) Hexes
 + Level 9.0(11.3) Evocations


You had 24 spell levels left.
You knew the following spells:

 Your Spells              Type           Power      Damage    Failure   Level
a - Ensorcelled Hibernat  Hex/Ice        68%        N/A       1%          2
b - Dazzling Flash        Conj/Hex       68%        N/A       1%          3
c - Tukima's Dance        Hex            53%        N/A       1%          3
e - Confusing Touch       Hex            53%        N/A       1%          3

Your spell library contained the following spells:

 Spells                   Type           Power      Damage    Failure   Level
 Portal Projectile        Hex/Tloc       68%        N/A       1%          3
 Beastly Appendage        Tmut           28%        N/A       4%          1
 Sublimation of Blood     Necr           15%        N/A       6%          2
 Leda's Liquefaction      Hex/Erth       17%        N/A       6%          4
 Wereblood                Tmut           14%        N/A       7%          2
 Call Canine Familiar     Summ           15%        N/A       12%         3
 Gell's Gravitas          Tloc           14%        N/A       14%         3
 Lesser Beckoning         Tloc           14%        N/A       14%         3
 Alistair's Intoxication  Tmut/Pois      9%         N/A       77%         5
 Lee's Rapid Deconstruct  Erth           7%         3d7*      77%         5
 Statue Form              Tmut/Erth      9%         N/A       100%        6
 Dragon Form              Tmut           7%         N/A       100%        7
 Summon Hydra             Summ           7%         N/A       100%        7
 Chain Lightning          Conj/Air       7%         3d9       100%        9
 Fire Storm               Conj/Fire      7%         8d2       100%        9
 Shatter                  Erth           7%         3d9*      100%        9


Dungeon Overview and Level Annotations

Branches:
Dungeon (9/15)             Temple (1/1) D:4            Lair (2/6) D:9
 Spider (0/4) Lair:2          Orc (0/2) D:9         Volcano (visited)
  Swamp: Lair:2-4    Shoals: Lair:2-4

Altars:
Ashenzari
Cheibriados
Dithmenos
Elyvilon
Fedhas
Gozag
Hepliaklqana
Kikubaaqudgha
Makhleb
Nemelex Xobeh
Okawaru
Qazlal
Ru
Sif Muna
Trog
Uskayaw
Vehumet
Yredelemnul
Zin

Shops:
D:2 *   D:7 :   D:8 (!?   D:9 [


Innate Abilities, Weirdness & Mutations

You are small and have problems with some larger weapons.
You are completely attuned to the shadows.


Message History

Look: a death yak (chance to dazzle: 33%)
The death yak closely misses you.
Casting: Dazzling Flash (safe; 1% risk of failure)
Confirm with . or Enter, or press ? or * to list all spells.
Casting: Dazzling Flash (safe; 1% risk of failure)
Press: ? - help, Dir - look around, f - activate Look: a death yak (chance to dazzle: 33%)
The death yak barely misses you.
Casting: Dazzling Flash (safe; 1% risk of failure)
Confirm with . or Enter, or press ? or * to list all spells.
Casting: Dazzling Flash (safe; 1% risk of failure)
Press: ? - help, Dir - look around, f - activate Look: a death yak (chance to dazzle: 33%)
The death yak gores you.
* * * LOW HITPOINT WARNING * * *
Casting: Dazzling Flash (safe; 1% risk of failure)
Confirm with . or Enter, or press ? or * to list all spells.
Aiming: Ensorcelled Hibernation (safe; 1% risk of failure)
Press: ? - help, Shift-Dir - straight line, f/p - death yak
Aim: a death yak (chance to affect: 6%)
Okay, then.
Casting: Ensorcelled Hibernation (safe; 1% risk of failure)
Confirm with . or Enter, or press ? or * to list all spells.
Your hands begin to glow red.
The death yak gores you!
* * * LOW HITPOINT WARNING * * *
You hit the death yak but do no damage. The death yak gores you!
* * * LOW HITPOINT WARNING * * *
You feel much better. The death yak gores you!!
* * * LOW HITPOINT WARNING * * *
The death yak closely misses you.
Casting: Confusing Touch (safe; 1% risk of failure)
Confirm with . or Enter, or press ? or * to list all spells.
Okay, then.
Unknown command.
Your hands stop glowing.
You see here 10 poisoned darts.
The death yak gores you!
* * * LOW HITPOINT WARNING * * *
You feel much better. The death yak gores you!!
You die...

......+.#....#....## #...P#
..#...#......#....## #P..##
...†..#.#.........# ##..##
........#.........#####P...#
..#...'...................##
..#...#.#....#............#
..#...#.###.#.............#
...####.....[..[..........#
................@.........#
..###....###.#.Y+#.#.##...##
### #......................#
## #.................+...##
.# #....#............#...#
## #....#............#...#
.####....#............#...#
.........#..#.##.####.#...#
..........(...............#


You could see a death yak.

Vanquished Creatures
  A boulder beetle (Lair:2)
  Fannar (Lair:2)
  A centaur warrior (D:9)
  2 hydras (Lair:1)
  A tengu warrior (D:9)
  A death yak (Lair:1)
  2 ugly things (D:9)
  A deep elf pyromancer (D:9)
  A salamander (shapeshifter) (D:9)
  Joseph (Lair:1)
  5 cane toads
  2 komodo dragons
  2 freezing wraiths (D:9)
  A jumping spider (Lair:2)
  A hornet (D:9)
  A polar bear (shapeshifter) (D:9)
  Grinder (D:4)
  Prince Ribbit (D:9)
  A slime creature (D:7)
  5 blink frogs (Lair:1)
  A basilisk (Lair:1)
  A wyvern (D:9)
  22 yaks
  3 fire bats (Volcano)
  A vampire mosquito (D:9)
  An acid dragon (D:9)
  4 water moccasins
  A sky beast (D:8)
  A necrophage (D:6)
  4 black bears
  3 orc warriors
  2 ogres
  3 wolves (Lair:1)
  3 centaurs
  3 kobold brigands
  7 bullfrogs
  A scorpion (D:3)
  5 killer bees (D:9)
  4 wights (D:9)
  An electric eel (Lair:1)
  2 centaur zombies (D:9)
  3 howler monkeys (D:8)
  4 jellies (D:7)
  A bullfrog skeleton (D:6)
  A hound (D:6)
  Jessica (D:2)
  2 orc priests
  2 iguanas (D:4)
  5 orc wizards
  A hound zombie (D:5)
  8 adders
  A gnoll (D:8)
  A howler monkey skeleton (D:7)
  A white imp (D:6)
  2 ufetubi (D:7)
  2 adder skeletons (D:4)
  6 worms (D:2)
  3 dart slugs
  35 orcs
  3 bats (D:1)
  14 endoplasms
  2 giant cockroaches (D:1)
  9 goblins
  10 hobgoblins
  4 jackals (D:1)
  8 ball pythons
  A ball python skeleton (D:2)
  3 frilled lizards
  10 kobolds
  6 rats
254 creatures vanquished.

Vanquished Creatures (collateral kills)
  Menkaure (D:4)
  A black bear (D:4)
  A hound (D:4)
3 creatures vanquished.

Vanquished Creatures (others)
  17 fungi
  46 plants
  9 toadstools (D:7)
72 creatures vanquished.

Grand Total: 329 creatures vanquished

Notes
Turn   | Place    | Note
-------+----------+-------------------------------------------
     0 | D:1      | miscthings the Kobold Enchanter began the quest for the
                  | Orb.
     0 | D:1      | Reached XP level 1. HP: 10/10 MP: 3/3
   240 | D:1      | Reached XP level 2. HP: 12/15 MP: 5/5
   388 | D:1      | Learned a level 2 spell: Ensorcelled Hibernation
   568 | D:1      | Reached XP level 3. HP: 15/19 MP: 6/6
  1452 | D:2      | Found Gialoh's General Store.
  1615 | D:2      | Reached XP level 4. HP: 24/24 MP: 8/8
  1900 | D:2      | Noticed Jessica
  1904 | D:2      | Killed Jessica
  1930 | D:2      | Reached XP level 5. HP: 23/28 MP: 4/10
  1964 | D:2      | Learned a level 3 spell: Confusing Touch
  1968 | D:2      | Learned a level 3 spell: Tukima's Dance
  2627 | D:3      | Reached skill level 5 in Hexes
  2627 | D:3      | Reached XP level 6. HP: 32/32 MP: 10/12
  3268 | D:4      | Found a staircase to the Ecumenical Temple.
  3274 | Temple   | Entered the Ecumenical Temple
  3376 | Temple   | Became a worshipper of Ashenzari the Shackled
  3577 | D:4      | Noticed Grinder
  3591 | D:4      | Killed Grinder
  3592 | D:4      | Reached XP level 7. HP: 19/36 MP: 10/13
  3856 | D:4      | Found a stormy altar of Qazlal.
  3861 | D:4      | Found a snail-covered altar of Cheibriados.
  3889 | D:4      | Noticed Menkaure
  3898 | D:4      | Killed Menkaure
  4320 | D:4      | Reached XP level 8. HP: 41/41 MP: 10/14
  4365 | D:5      | Entered Level 5 of the Dungeon
  4667 | D:5      | Reached * piety under Ashenzari
  5170 | D:6      | Reached skill level 1 in Evocations
  5184 | D:6      | Reached skill level 1 in Fighting
  5477 | D:6      | Reached ** piety under Ashenzari
  5771 | D:6      | Reached skill level 1 in Armour
  5886 | D:7      | Reached skill level 5 in Stealth
  5886 | D:7      | Reached XP level 9. HP: 48/48 MP: 15/15
  5959 | D:7      | Noticed a slime creature
  5961 | D:7      | Killed a slime creature
  5964 | D:7      | Reached skill level 1 in Throwing
  6108 | D:7      | Reached skill level 5 in Spellcasting
  6162 | D:7      | Learned a level 3 spell: Dazzling Flash
  6399 | D:7      | Reached skill level 6 in Stealth
  6430 | D:7      | Found Anlel's Book Shop.
  6724 | D:8      | Reached *** piety under Ashenzari
  6978 | D:8      | Found Kahemiv's Magic Scroll Shop.
  6986 | D:8      | Bought a scroll of noise for 13 gold pieces
  7060 | D:8      | Found Jeopn's Distillery.
  7130 | D:8      | Found Vogesil's Weapon Shoppe.
  7212 | D:8      | Found a basalt altar of Yredelemnul.
  7522 | D:8      | Reached XP level 10. HP: 56/56 MP: 16/18
  7528 | D:8      | Reached skill level 5 in Dodging
  7741 | D:9      | Reached skill level 7 in Stealth
  7863 | D:9      | Noticed Prince Ribbit
  7867 | D:9      | Killed Prince Ribbit
  7991 | D:9      | Reached skill level 5 in Evocations
  8030 | D:9      | Noticed a centaur warrior
  8030 | D:9      | Noticed a cyan ugly thing
  8033 | D:9      | Killed a centaur warrior
  8035 | D:9      | Killed a cyan ugly thing
  8036 | D:9      | Reached skill level 5 in Fighting
  8036 | D:9      | Reached skill level 8 in Stealth
  8068 | D:9      | Noticed a salamander
  8073 | D:9      | Killed a salamander
  8074 | D:9      | Reached XP level 11. HP: 64/64 MP: 20/20
  8110 | D:9      | Identified Ucuhol's Guide on Changing and Translocation
  8192 | D:9      | Found Qicvipa's Armour Boutique.
  8192 | D:9      | Found a staircase to the Orcish Mines.
  8266 | D:9      | Noticed a tengu warrior
  8312 | D:9      | Killed a tengu warrior
  8331 | D:9      | Bought a +0 pair of boots for 58 gold pieces
  8331 | D:9      | Bought a +0 cloak for 58 gold pieces
  8341 | D:9      | Reached **** piety under Ashenzari
  8369 | D:9      | Found a staircase to the Lair.
  8373 | D:9      | Reached skill level 9 in Stealth
  8591 | D:9      | Noticed a red ugly thing
  8591 | D:9      | Noticed a catoblepas
  8660 | D:9      | Noticed a deep elf pyromancer
  8665 | D:9      | Killed a deep elf pyromancer
  8882 | D:9      | Identified the +11 dagger of Ujaidiff {vorpal, Int+3}
  8926 | D:9      | Noticed a death knight
  9423 | D:9      | Killed a green ugly thing
  9480 | Lair:1   | Entered Level 1 of the Lair of Beasts
  9650 | Lair:1   | Noticed Joseph
  9654 | Lair:1   | Killed Joseph
  9655 | Lair:1   | Reached skill level 10 in Stealth
  9776 | Lair:1   | Reached XP level 12. HP: 63/72 MP: 20/23
  9895 | Lair:1   | Found a dark tunnel.
  9919 | Volcano  | Entered a volcano
 10268 | Lair:1   | Noticed an eight-headed hydra
 10272 | Lair:1   | Killed an eight-headed hydra
 10448 | Lair:1   | Noticed a six-headed hydra
 10503 | Lair:1   | Killed a six-headed hydra
 10820 | Lair:2   | Found a hole to the Spider Nest.
 10826 | Lair:2   | Reached skill level 11 in Stealth
 10859 | Lair:2   | Noticed Fannar
 10868 | Lair:2   | Killed Fannar
 11085 | Lair:2   | Noticed a boulder beetle
 11097 | Lair:2   | Killed a boulder beetle
 11443 | Lair:2   | Noticed a death yak
 11443 | Lair:2   | Noticed a death yak
 11483 | Lair:1   | Killed a death yak
 11523 | Lair:2   | Noticed a death yak
 11523 | Lair:2   | Noticed a death yak
 11524 | Lair:2   | Noticed a death yak
 11536 | Lair:1   | HP: 3/81 [death yak (12)]
 11554 | Lair:1   | HP: 2/81 [death yak (14)]
 11557 | Lair:1   | Slain by a death yak

Illustrated notes

Levels and vault maps discovered:
D:1:      minmay_arrival_arboretum_small, layout_basic, serial_forest,
          infiniplex_forest_lined_corner, infiniplex_forest_3_way,
          infiniplex_forest_clump_small, infiniplex_forest_lined_ring,
          infiniplex_forest_lined_2, infiniplex_forest_side_room,
          infiniplex_forest_clump_tiny, infiniplex_forest_clump_diagonal,
          infiniplex_forest_corner_2
D:2:      minmay_chambers_of_ones, layout_loops_ring, serial_shops,
          nicolae_shop_hallway_stairs, uniq_jessica
D:3:      layout_basic, minmay_misc_feat_roman, kennysheep_generic_room_12
D:4:      layout_basic, amethyst_overflow_temple_binary, temple_hall,
          uniq_menkaure, uniq_grinder
D:5:      layout_cave_pools
D:6:      layout_loops_corners
D:7:      cheibrodos_fertilizer, layout_rooms, serial_shops,
          nicolae_take_the_stairs, kennysheep_boxes
D:8:      layout_gridville, mainiacjoe_overflow_catwalk, serial_shops,
          nicolae_lakefront_shop, shop, shop, serial_park_tiny_2
D:9:      minmay_tri_box, layout_irregular_city, grunt_lair_entry_orc_guard_hut,
          orc_david_3, minivault_20, uniq_prince_ribbit1
Temple:   mainiacjoe_temple_bowtie_tessellation
Lair:1:   layout_chaotic_city, nicolae_volcano_entry_lava_flow, serial_bayou,
          serial_bayou_pond_a, serial_bayou_pond_e, serial_bayou_pond_c,
          serial_bayou_pond_a, cheibrodos_lair_caveside_slide,
          infiniplex_staircase_pool, uniq_joseph
Lair:2:   layout_regular_city, spider_nest_entry_a, uniq_fannar

Skill      XL: |  1  2  3  4  5  6  7  8  9 10 11 12 |
---------------+-------------------------------------+-----
Hexes          | 4 5 6 7 |  7.5
Spellcasting   | 3 4 5 6 7 8 |  8.7
Short Blades   | 4 7 8 |  8.7
Evocations     | 2 4 6 7 9 |  9.0
Fighting       | 1 3 5 7 8 |  8.2
Dodging        | 3 4 6 8 9 |  9.5
Armour         | 1 2 4 |  4.0
Stealth        | 5 6 8 10 11 | 11.4
Throwing       | 2 3 |  3.3

Action                   |  1- 3 |  4- 6 |  7- 9 | 10-12 || total
-------------------------+-------+-------+-------+-------++-------
Melee: Dagger            |   126 |   146 |   246 |   255 ||   773
 Cast: Ensorcelled Hiber |     8 |    18 |    43 |    96 ||   165
       Confusing Touch   |       |     1 |     4 |     9 ||    14
       Tukima's Dance    |       |       |     1 |       ||     1
       Dazzling Flash    |       |       |       |    11 ||    11
Invok: Curse Item        |       |       |     5 |     3 ||     8
       Shatter the Chain |       |       |       |     2 ||     2
Evoke: Wand              |       |     2 |       |       ||     2
  Use: Scroll            |       |       |     5 |     2 ||     7
       Potion            |       |       |       |     3 ||     3
 Stab: Sleeping          |    13 |    28 |    46 |    77 ||   164
       Confused          |       |     2 |     4 |    11 ||    17
       Distracted        |       |       |     1 |       ||     1
       Invisible         |       |       |       |     6 ||     6
Armor: Robe              |    21 |    35 |    49 |    26 ||   131
Dodge: Dodged            |   112 |    86 |   133 |   178 ||   509

Table legend: (Time is in decaauts)
 A = Elapsed time spent in this place.
 B = Non-inter-level travel time spent in this place.
 C = Inter-level travel time spent in this place.
 D = Time resting spent in this place.
 E = Time spent auto-exploring this place.
 F = Levels seen in this place.
 G = Mean time per level.
                   A        B        C        D        E       F      G
               +--------+--------+--------+--------+--------+-----+--------+
         Total |  11300 |  10900 |    400 |   1699 |   6698 |  13 |  869.2 |
       Dungeon |   9137 |   8846 |    291 |   1356 |   5540 |   9 | 1015.2 |
        Temple |    128 |    102 |     26 |      0 |     87 |   1 |  128.0 |
          Lair |   1956 |   1873 |     83 |    288 |   1071 |   2 |  978.0 |
       Volcano |     76 |     76 |      0 |     55 |      0 |   1 |   76.0 |
               +--------+--------+--------+--------+--------+-----+--------+

Top non-repeatable levels by time:
     D:9: 1673 daAuts
     D:1: 1394 daAuts
  Lair:1: 1184 daAuts
     D:8: 1048 daAuts
     D:2: 1024 daAuts
     D:4: 965 daAuts
     D:3: 832 daAuts
     D:6: 828 daAuts
  Lair:2: 772 daAuts
     D:7: 748 daAuts
     D:5: 623 daAuts
  Temple: 128 daAuts
 Volcano: 76 daAuts
